 Dungeon Crawl Stone Soup version 0.22-a0-271-gc000056 (webtiles) character file.

96 grindst0ne the Insei (level 4, -2/36 HPs)
             Began as a Demigod Transmuter on Mar 12, 2018.
             Slain by Karim's ghost (4 damage)
             ... on level 3 of the Dungeon.
             The game lasted 00:04:27 (2093 turns).

grindst0ne the Insei (Demigod Transmuter)           Turns: 2093, Time: 00:04:28

Health: -2/36      AC:  2    Str: 13    XL:     4   Next: 18%
Magic:  1/9        EV: 12    Int: 17    God:
Gold:   82         SH:  0    Dex: 18    Spells: 0/6 levels left

rFire    . . .     SeeInvis .     - Unarmed
rCold    . . .     Gourm    .   (no shield)
rNeg     . . .     Faith    .   b - +0 robe
rPois    .         Spirit   .   (no helmet)
rElec    .         Reflect  .   (no cloak)
rCorr    .         Harm     .   (no gloves)
MR       .....                  (no boots)
Stlth    ++........             (no amulet)
HPRegen  0.12/turn              (no ring)
MPRegen  0.11/turn              (no ring)

@: very slightly contaminated
A: high mp 1
a: no special abilities


You were on level 3 of the Dungeon.
You were very hungry.

You visited 1 branch of the dungeon, and saw 3 of its levels.

You collected 82 gold pieces.

Inventory:

Missiles
 a - 6 arrows
Armour
 b - a +0 robe (worn)
Wands
 k - a wand of iceblast (10)
Scrolls
 e - 4 scrolls of identify {unknown}
 h - a scroll of blinking {unknown}
 j - 2 scrolls of remove curse {unknown}
Potions
 c - a potion of mutation {unknown}
 f - 2 potions of flight {unknown}
 g - a potion of brilliance {unknown}
 i - a potion of degeneration {unknown}
Comestibles
 d - 5 rations


   Skills:
 + Level 2.3 Fighting
 - Level 1.7 Dodging
 + Level 3.5 Unarmed Combat
 - Level 1.7 Spellcasting
 + Level 2.8 Transmutations


You couldn't memorise any spells.
You knew the following spells:

 Your Spells              Type           Power        Failure   Level  Hunger
a - Beastly Appendage     Tmut           ##....       6%          1    #......
b - Sticks to Snakes      Tmut           ##......     10%         2    ###....
c - Spider Form           Tmut/Pois      #.........   32%         3    ###....


Dungeon Overview and Level Annotations

Branches:
Dungeon (3/15)

Annotations:
D:3 Karim's ghost, amateur SpFi


Innate Abilities, Weirdness & Mutations

You have an increased reservoir of magic. (+10% MP)


Message History

Karim's ghost is severely damaged.
Your ball python bites Karim's ghost.
Your adder misses Karim's ghost. Karim's ghost closely misses you.
You miss Karim's ghost.
Karim's ghost is severely damaged.
Your talons disappear.
Your adder barely misses Karim's ghost.
Your ball python closely misses Karim's ghost.
Karim's ghost hits you.
* * * LOW HITPOINT WARNING * * *
You closely miss Karim's ghost.
Karim's ghost is severely damaged.
Your adder misses Karim's ghost.
Your ball python closely misses Karim's ghost.
Karim's ghost hits you.
* * * LOW HITPOINT WARNING * * *
Your adder bites Karim's ghost.
Your ball python bites Karim's ghost but does no damage.
Your adder misses Karim's ghost. Karim's ghost hits you.
You die...

. #..# #. ...#
##.#.# # #...
..... . #..#
###..### ...###
#....... #...?
#.#.##.# #..#
#.###.#.#...
#@.####...........
#.WS........#.#...
##S##########.##.#
#.........†..##.#
###############.#
#.# .# #.#


You could see Karim's ghost, a friendly adder and a friendly ball python.

Vanquished Creatures
  2 adders (D:2)
  A leopard gecko (D:2)
  2 giant cockroaches
  5 goblins
  5 hobgoblins
  4 jackals (D:1)
  A quokka (D:3)
  2 ball pythons
  11 bats
  5 frilled lizards
  9 kobolds
  4 rats (D:1)
51 creatures vanquished.

Vanquished Creatures (collateral kills)
  3 gnolls (D:2)
  A ball python (D:1)
4 creatures vanquished.

Grand Total: 55 creatures vanquished

Notes
Turn   | Place    | Note
-------+----------+-------------------------------------------
     0 | D:1      | grindst0ne the Demigod Transmuter began the quest for the Orb.
     0 | D:1      | Reached XP level 1. HP: 15/15 MP: 5/5
    88 | D:1      | Reached skill level 1 in Fighting
   248 | D:1      | Reached XP level 2. HP: 14/23 MP: 2/7
   545 | D:1      | Learned a level 2 spell: Sticks to Snakes
   575 | D:1      | Reached skill level 3 in Unarmed Combat
  1022 | D:2      | Reached XP level 3. HP: 27/29 MP: 8/8
  1624 | D:2      | Reached XP level 4. HP: 35/36 MP: 9/9
  1632 | D:2      | Learned a level 3 spell: Spider Form
  1772 | D:2      | Found a sparkling altar of Nemelex Xobeh.
  2079 | D:3      | Noticed Karim's ghost (amateur SpFi)
  2093 | D:3      | Slain by Karim's ghost

Vault maps used:
D:1:      minmay_arrival_nine_rooms, minmay_misc_feat_x, grunt_decor_one_mirror
D:2:      nemelex_diamond_rough_becter
D:3:      kennysheep_generic_room_6

Skill      XL: |  1  2  3 |
---------------+----------+-----
Fighting       | 1 2 |  2.3
Transmutations | 2 |  2.8
Unarmed Combat | 3 |  3.5
Dodging        | |  1.7
Spellcasting   | |  1.7

Action                   |  1- 3 |  4- 6 || total
-------------------------+-------+-------++-------
Melee: Unarmed           |   145 |    21 ||   166
       Kick              |    12 |     3 ||    15
       Headbutt          |     6 |       ||     6
       Punch             |     2 |       ||     2
 Cast: Beastly Appendage |    25 |     3 ||    28
       Sticks to Snakes  |     4 |     2 ||     6
       Spider Form       |       |     1 ||     1
 Stab: Sleeping          |     1 |       ||     1
  Eat: Chunk             |     3 |     1 ||     4
Armor: Robe              |    41 |       ||    41
Dodge: Dodged            |   108 |    14 ||   122

Table legend:
 A = Spawn XP
 B = Non-spawn XP
 C = Spawn XP percentage of total XP
 D = Spawn monster count
 E = Non-spawn monster count
 F = Spawn count percentage of total count
 G = Total turns spent on level
                    A         B        C        D         E        F      G
               +---------+---------+-------+---------+---------+-------+---------
         Total |       0 |     138 |   0.0 |       0 |      55 |   0.0 |  2093
               +---------+---------+-------+---------+---------+-------+---------
           D:1 |       0 |      47 |   0.0 |       0 |      30 |   0.0 |  1007
           D:2 |       0 |      84 |   0.0 |       0 |      21 |   0.0 |   924
           D:3 |       0 |       7 |   0.0 |       0 |       4 |   0.0 |   162
               +---------+---------+-------+---------+---------+-------+---------
